 Dungeon Crawl Stone Soup version 0.27.0-1-g7a089689b8 (console) character file.

Game seed: 6789735740594406635

40237 jejorda2 the Cleaver (level 13, 0/115 HPs)
             Began as a Deep Dwarf Delver on Aug 12, 2021.
             Was a High Priest of Makhleb.
             Slain by a wolf (4 damage)
             ... on level 3 of the Lair of Beasts.
             The game lasted 01:05:17 (13962 turns).

jejorda2 the Cleaver (Deep Dwarf Delver)           Turns: 13962, Time: 01:05:19

Health: 0/115      AC: 16    Str: 20    XL:     13   Next: 73%
Magic:  9/9        EV:  9    Int: 16    God:    Makhleb [*****.]
Gold:   1540       SH:  5    Dex: 18    Spells: 12/12 levels left

rFire    . . .     SeeInvis .   a - +10 morningstar {elec, Halo rElec}
rCold    + . .     Faith    .   C - +0 buckler
rNeg     . . .     Spirit   .   G - +1 chain mail "Vefiruc" {rCorr Int+4 Dex+4}
rPois    .         Reflect  .   J - +1 hat
rElec    +         Harm     .   n - +0 cloak
rCorr    +         Rampage  .   A - +0 pair of gloves
Will     +....                  F - +0 pair of boots
Stlth    +.........             g - amulet of the acrobat
HPRegen  0.00/turn              D - ring of protection from cold
MPRegen  0.11/turn              (no ring)

@: glowing
A: damage resistance, heal wounds, sense surroundings 2, no regeneration
a: Heal Wounds, Renounce Religion, Minor Destruction, Lesser Servant of Makhleb,
Major Destruction, Greater Servant of Makhleb


You were on level 3 of the Lair of Beasts.
You worshipped Makhleb.
Makhleb was extremely pleased with you.
You visited 3 branches of the dungeon, and saw 15 of its levels.
You also visited: Trove, Sewer and Ice Cave.

You collected 1969 gold pieces.
You spent 429 gold pieces at shops.

Inventory:

Hand Weapons
 a - the +10 morningstar "Eos" (weapon) {elec, Halo rElec}
   (You acquired it on level 11 of the Dungeon)

   It occasionally discharges a powerful burst of electricity upon striking a
   foe.
   It grants its wielder a halo, increasing accuracy against those within it.
   rElec:     It insulates you from electricity.
 b - a +4 hunting sling of freezing
 s - the +3 broad axe of Contradiction {flame, Dex+4}
   (You found it in a treasure trove)

   It burns those it strikes, dealing additional fire damage.
   Big, fiery blades are also staple armaments of hydra-hunters.
   Dex:       It affects your dexterity (+4).
 H - a +2 morningstar of freezing
 L - a +1 antimagic demon whip
Missiles
 h - 10 javelins (quivered)
 j - 4 curare-tipped darts
 l - 71 sling bullets
 m - 64 poisoned darts
Armour
 n - a +0 cloak (worn)
 A - a +0 pair of gloves (worn)
 B - a +1 plate armour
 C - a +0 buckler (worn)
 F - a +0 pair of boots (worn)
 G - the +1 chain mail "Vefiruc" (worn) {rCorr Int+4 Dex+4}
   (You found it on level 11 of the Dungeon)

   Int:       It affects your intelligence (+4).
   Dex:       It affects your dexterity (+4).
   rCorr:     It protects you from acid and corrosion.
 J - a +1 hat (worn)
Jewellery
 g - an amulet of the acrobat (around neck)
 D - a ring of protection from cold (left hand)
Wands
 r - a wand of flame (44)
 t - a wand of paralysis (27)
 y - a wand of acid (9)
Scrolls
 c - a scroll of fog
 d - a scroll of amnesia
 e - a scroll of fear
 p - 4 scrolls of teleportation
 q - a scroll of magic mapping
 v - a scroll of blinking
 E - a scroll of holy word
 K - 2 scrolls of silence
 P - a scroll of identify
Potions
 f - a potion of mutation
 i - 5 potions of curing
 k - a potion of lignification
 o - 2 potions of might
 u - 2 potions of resistance
 w - a potion of berserk rage
 x - a potion of flight
 z - a potion of magic
 I - 2 potions of heal wounds
 N - a potion of cancellation
 O - 8 potions of ambrosia
Miscellaneous
 M - a phial of floods


   Skills:
 + Level 7.2 Fighting
 - Level 14.5(17.0) Axes
 - Level 13.9(16.0) Maces & Flails
 + Level 3.7 Throwing
 + Level 7.6 Armour
 - Level 2.1 Dodging
 - Level 7.0 Stealth
 - Level 4.0 Shields
 - Level 9.0 Invocations


You had 12 spell levels left.
You didn't know any spells.
Your spell library contained the following spells:

 Spells                   Type           Power      Damage    Failure   Level
 Corpse Rot               Necr/Air       N/A        N/A       97%         2
 Frozen Ramparts          Ice            0%         1d2       99%         3
 Gell's Gravitas          Tloc           0%         N/A       99%         3
 Portal Projectile        Hex/Tloc       0%         N/A       99%         3
 Teleport Other           Tloc           0%         N/A       99%         3
 Dispel Undead            Necr           0%         3d6       100%        4
 Ice Form                 Ice/Tmut       0%         N/A       100%        4
 Summon Ice Beast         Ice/Summ       0%         N/A       100%        4
 Blade Hands              Tmut           0%         N/A       100%        5
 Excruciating Wounds      Necr           0%         N/A       100%        5
 Death Channel            Necr           0%         N/A       100%        6
 Dispersal                Tloc           0%         N/A       100%        6


Dungeon Overview and Level Annotations

Branches:
Dungeon (11/15)            Temple (1/1) D:7            Lair (3/6) D:11
  Snake (0/4) Lair:3          Orc (0/2) D:11          Sewer (visited)
  IceCv (visited)
  Swamp: Lair:2-4    Shoals: Lair:2-4

Altars:
Ashenzari
Cheibriados
Dithmenos
Elyvilon
Fedhas
Gozag
Hepliaklqana
Kikubaaqudgha
Makhleb
Nemelex Xobeh
Okawaru
Qazlal
Ru
Trog
Uskayaw
Wu Jian
Xom
Yredelemnul
Zin
The Shining One

Shops:
D:5 (   D:9 =

Annotations:
D:11 3 runed translucent doors, Isay's ghost, journeyman MiAK
Lair:3 Rupert


Innate Abilities, Weirdness & Mutations

You are resistant to damage.
You can heal yourself by infusing magical energy.
You passively map the area around you.
You do not regenerate.


Message History

No target in view!
Rupert the Wild comes into view.
He is wielding a +1 vorpal great mace.
Rupert shouts!
A cane toad comes into view.
A demon appears!
The cane toad croaks.
You hear a howl!
A wolf comes into view. x2
The wolf howls!
Something bites the plant!
The plant begins to die.
A wolf comes into view.
A wolf comes into view.
You puncture Rupert!
Rupert is lightly wounded.
Rupert hits you with a +1 vorpal great mace!
The cane toad stings you but does no damage.
You sock Rupert! Lightning courses through Rupert!
Rupert is moderately wounded.
A wolf comes into view.
The wolf bites you but does no damage.
Your neqoxec misses the wolf.
Rupert roars madly and goes into a rage!
Rupert goes berserk!
You sock Rupert! Lightning courses through Rupert!
Rupert is moderately wounded.
The cane toad stings you but does no damage.
The wolf closely misses you.
Rupert hits you with a +1 vorpal great mace!!
Your neqoxec closely misses the wolf.
You bludgeon Rupert!! Lightning courses through Rupert!!
Rupert is severely wounded.
The wolf barely misses you. The cane toad stings you!
* * * LOW HITPOINT WARNING * * *
You block Rupert's attack.
You impale Rupert!!
Rupert is severely wounded.
The wolf bites you. You block the cane toad's attack.
Your neqoxec hits the wolf! The wolf bites you.
Rupert hits you with a +1 vorpal great mace!!
* * * LOW HITPOINT WARNING * * *
The wolf bites you!
You die...

....#........#...... ,, ,
.....................#. ,,
....#........#..#....P. ,,
, +..................... ,
.............P....... . ,
.............#.....###.. ,
................hh......
......#.###..P.hhF...... ,
,,
...............3@@h.....
##.#.###.####...###.####*,
##### ### ##### * ***


You could see Rupert (berserk, ally target), a cane toad, 5 wolves and a
friendly neqoxec (summoned).

Vanquished Creatures
  A frost giant (IceCv)
  2 hydras
  An ogre mage (D:11)
  Erolcha (D:10)
  Erica (D:10)
  11 death yaks
  3 two-headed ogres
  Nergalle (D:10)
  An orc knight (D:11)
  An oklob plant (Lair:1)
  A cyclops (D:11)
  2 centaur zombies
  6 black mambas
  An ice statue (IceCv)
  8 cane toads
  6 rime drakes (IceCv)
  A komodo dragon (Lair:2)
  6 polar bears
  Grinder (D:3)
  A queen bee (Lair:1)
  15 blink frogs
  A hornet (D:11)
  A shadow (D:11)
  29 yaks
  2 vampires
  3 wyverns
  A wraith (D:8)
  A steam dragon (D:6)
  Grum (D:10)
  4 wargs (D:10)
  8 water moccasins
  An ice beast (D:8)
  2 sky beasts
  7 orc warriors
  A necrophage (D:4)
  An ogre (D:5)
  15 wolves
  6 centaurs
  A gnoll sergeant (D:8)
  6 kobold brigands
  5 bullfrogs
  4 scorpions
  A wyvern zombie (D:6)
  A water moccasin zombie (D:7)
  23 killer bees (Lair:1)
  3 water moccasin skeletons (D:5)
  5 wights (D:9)
  A howler monkey (D:9)
  3 jellies
  A bullfrog zombie (D:7)
  A hound (D:6)
  4 orc priests
  A bullfrog skeleton (D:4)
  3 iguanas
  11 orc wizards
  14 hell rats
  A killer bee zombie (D:5)
  7 gnolls
  5 adders
  2 howler monkey skeletons (D:6)
  4 river rats
  A white imp (D:7)
  3 ufetubi
  An adder skeleton (D:4)
  5 worms
  28 orcs
  9 ball pythons
  5 bats
  7 endoplasms
  3 giant cockroaches
  8 goblins
  7 hobgoblins
  6 jackals
  4 quokkas
  2 frilled lizards
  26 kobolds
  11 rats
388 creatures vanquished.

Vanquished Creatures (others)
  6 fungi
  15 plants
21 creatures vanquished.

Grand Total: 409 creatures vanquished

Notes
Turn   | Place    | Note
-------+----------+-------------------------------------------
     0 | D:5      | jejorda2 the Deep Dwarf Delver began the quest for the Orb.
     0 | D:5      | Reached XP level 1. HP: 20/20 MP: 1/1
    29 | D:5      | Found Nyoruidy's Weapon Boutique.
    82 | D:4      | Noticed a scorpion
   118 | D:4      | Killed a scorpion
   119 | D:4      | Reached skill level 3 in Axes
   119 | D:4      | Reached skill level 1 in Armour
   119 | D:4      | Reached XP level 2. HP: 25/28 MP: 2/2
   119 | D:4      | Reached XP level 3. HP: 30/34 MP: 3/3
   192 | D:4      | Noticed a necrophage
   203 | D:4      | Killed a necrophage
   204 | D:4      | Reached skill level 4 in Axes
   204 | D:4      | Reached XP level 4. HP: 37/42 MP: 4/4
   204 | D:4      | Reached XP level 5. HP: 44/49 MP: 5/5
   355 | D:5      | Bought 2 curare-tipped darts for 16 gold pieces
   459 | D:4      | Found an opulent altar of Gozag.
   743 | D:4      | Reached XP level 6. HP: 36/57 MP: 5/5
  1259 | D:6      | Reached skill level 5 in Axes
  1485 | D:6      | Noticed an orc warrior
  1501 | D:6      | Killed an orc warrior
  1502 | D:6      | Reached XP level 7. HP: 29/64 MP: 6/6
  1765 | D:6      | Noticed a steam dragon
  1793 | D:6      | Killed a steam dragon
  1794 | D:6      | Reached skill level 6 in Axes
  1969 | D:6      | Found a glowing silver altar of Zin.
  2480 | D:5      | Bought a +0 battleaxe for 91 gold pieces
  2526 | D:7      | Found a shimmering altar of Xom.
  2540 | D:7      | Noticed a two-headed ogre
  2834 | D:7      | HP: 3/66 [two-headed ogre (8)]
  2837 | D:7      | Killed a two-headed ogre
  2838 | D:7      | Reached skill level 5 in Fighting
  2838 | D:7      | Reached skill level 8 in Axes
  2838 | D:7      | Reached skill level 5 in Armour
  2838 | D:7      | Reached XP level 8. HP: 36/74 MP: 4/4
  3063 | D:7      | Found a staircase to the Ecumenical Temple.
  3069 | Temple   | Entered the Ecumenical Temple
  3095 | Temple   | Became a worshipper of Makhleb the Destroyer
  3247 | D:3      | Found a stormy altar of Qazlal.
  3333 | D:3      | Found a glowing drain.
  3338 | D:3      | Reached skill level 1 in Invocations
  3357 | Sewer    | Entered a sewer
  3379 | Sewer    | Reached skill level 9 in Axes
  3467 | Sewer    | Gained mutation: You passively map the area around you.
                  | [Deep Dwarf growth]
  3467 | Sewer    | Reached XP level 9. HP: 25/82 MP: 4/6
  3835 | D:3      | Noticed Grinder
  3842 | D:3      | Killed Grinder
  4383 | D:2      | Found a sparkling altar of Nemelex Xobeh.
  4833 | D:2      | Reached * piety under Makhleb
  5334 | D:1      | Found a faded altar of an unknown god.
  6028 | D:5      | Reached skill level 10 in Axes
  6438 | D:5      | Reached skill level 11 in Axes
  6514 | D:5      | Reached ** piety under Makhleb
  6835 | D:7      | Reached skill level 1 in Shields
  6847 | D:7      | Reached skill level 1 in Maces & Flails
  7176 | D:8      | You fall into a shaft and drop 3 floors!
  7176 | D:11     | Found a staircase to the Lair.
  7176 | D:11     | Noticed a death yak
  7177 | D:11     | Noticed a death yak
  7177 | D:11     | Noticed a death yak
  7202 | D:11     | Killed a death yak
  7203 | D:11     | Reached XP level 10. HP: 31/91 MP: 6/6
  7219 | D:11     | Killed a death yak
  7220 | D:11     | Reached skill level 5 in Maces & Flails
  7257 | D:11     | Killed a death yak
  7258 | D:11     | Noticed a cyclops
  7277 | D:11     | Killed a cyclops
  7290 | D:10     | Entered Level 10 of the Dungeon
  7371 | D:10     | Noticed Erica
  7385 | D:10     | Killed Erica
  7429 | D:8      | Found a blossoming altar of Fedhas.
  7676 | D:8      | Found an iron altar of Okawaru.
  7921 | D:8      | Reached *** piety under Makhleb
  7969 | D:8      | Found a basalt altar of Yredelemnul.
  8132 | D:5      | Bought a +3 vorpal morningstar for 322 gold pieces
  8632 | D:9      | Found a sparkling altar of Nemelex Xobeh.
  8632 | D:9      | Found a bloodstained altar of Trog.
  8756 | D:9      | Found a white marble altar of Elyvilon.
  8902 | D:9      | Reached XP level 11. HP: 61/97 MP: 5/5
  8915 | D:9      | Found an ornate altar of the Wu Jian Council.
  8968 | D:9      | Found Tackeb's Jewellery Shoppe.
  9434 | D:10     | Found a sacrificial altar of Ru.
  9487 | D:10     | Found a snail-covered altar of Cheibriados.
  9562 | D:10     | Found a portal to a secret trove of treasure.
  9605 | Trove    | Entered a treasure trove
  9607 | Trove    | Found a bloodstained altar of Trog.
  9624 | Trove    | Identified the +3 broad axe of Contradiction {flame, Dex+4}
  9662 | Trove    | Identified the +7 dagger "Gusunnu" {freeze, rF++ Dex+2
                  | SInv}
  9717 | D:10     | Noticed Erolcha
  9734 | D:10     | Reached skill level 5 in Invocations
  9750 | D:10     | Killed Erolcha
  9770 | D:10     | Noticed Nergalle
  9790 | D:10     | Killed Nergalle
  9997 | D:10     | Noticed Grum
  9999 | D:10     | Reached skill level 12 in Axes
 10042 | D:10     | Killed Grum
 10132 | D:10     | Reached skill level 13 in Axes
 10405 | D:11     | Found a runed translucent gate.
 10405 | D:11     | Noticed a two-headed ogre
 10417 | D:11     | Killed a two-headed ogre
 10422 | D:11     | Found a runed translucent gate.
 10423 | D:11     | Found a runed translucent gate.
 10465 | D:11     | Noticed a minotaur
 10494 | D:11     | Noticed a two-headed ogre
 10503 | D:11     | Killed a two-headed ogre
 10520 | D:11     | Noticed Isay's ghost (journeyman MiAK)
 10611 | D:11     | Paralysed by a hornet for 2 turns
 10634 | D:11     | Reached skill level 14 in Axes
 10641 | D:11     | Reached XP level 12. HP: 52/105 MP: 8/8
 10663 | D:11     | Identified the +1 chain mail "Vefiruc" {rCorr Int+4 Dex+4}
 10783 | D:11     | Noticed an ogre mage
 10806 | D:11     | Killed an ogre mage
 11034 | D:11     | Found a staircase to the Orcish Mines.
 11053 | D:11     | Identified a scroll of acquirement
 11053 | D:11     | Acquired the +10 morningstar "Eos" {elec, Halo rElec}
 11054 | D:11     | Found the +10 morningstar "Eos" {elec, Halo rElec}
 11075 | Lair:1   | Entered Level 1 of the Lair of Beasts
 11088 | Lair:1   | Reached skill level 10 in Maces & Flails
 11114 | Lair:1   | Noticed an eight-headed hydra
 11120 | Lair:1   | Killed an eight-headed hydra
 11135 | Lair:1   | Found a frozen archway.
 11184 | IceCv    | Entered an ice cave
 11286 | IceCv    | Noticed a death yak
 11306 | IceCv    | Killed a death yak
 11452 | IceCv    | Noticed a death yak
 11452 | IceCv    | Noticed a death yak
 11454 | IceCv    | Noticed a death yak
 11460 | IceCv    | Killed a death yak
 11468 | IceCv    | Killed a death yak
 11479 | IceCv    | Killed a death yak
 11631 | IceCv    | Noticed a death yak
 11647 | IceCv    | Noticed a death yak
 11650 | IceCv    | Killed a death yak
 11657 | IceCv    | Killed a death yak
 11674 | IceCv    | Noticed a death yak
 11702 | IceCv    | Killed a death yak
 11762 | IceCv    | Noticed a death yak
 11762 | IceCv    | Noticed a frost giant
 11775 | IceCv    | Killed a death yak
 11776 | IceCv    | Reached XP level 13. HP: 88/111 MP: 8/8
 11783 | IceCv    | Killed a frost giant
 12668 | Lair:1   | Reached skill level 1 in Throwing
 12972 | Lair:2   | Reached **** piety under Makhleb
 13177 | Lair:2   | Acquired 959 gold pieces
 13813 | Lair:3   | Found a staircase to the Snake Pit.
 13841 | Lair:3   | Reached ***** piety under Makhleb
 13954 | Lair:3   | Noticed Rupert
 13962 | Lair:3   | HP: 4/115 [Rupert (23)]
 13962 | Lair:3   | Slain by a wolf

Illustrated notes

Levels and vault maps discovered:
D:1:      dpeg_arrival_court, layout_basic, serial_glass, glass_columns_a,
          glass_columns_a, glass_columns_a, glass_columns_a, glass_columns_a,
          glass_columns_b, chequers_ecumenical_altar_simple_redux
D:2:      layout_loops_ring, basic_altar, minmay_misc_feat_doors
D:3:      layout_basic, mainiacjoe_overflow_catwalk,
          cheibrodos_sewer_entry_sluice, uniq_grinder
D:4:      wander_river, layout_basic, mainiacjoe_overflow_24_doors,
          hangedman_abyss_or_decor_jellyfish_corner, minmay_stone_trees_medium
D:5:      layout_cave_pods, serial_shops, kennysheep_little_box
D:6:      layout_layer_cave, zin_treasury, chequers_serial_rivers_micro_d
D:7:      layout_gridville, xom_butterflies, minmay_temple_entry_hall,
          small_statue_intersection, kennysheep_windowed_goal
D:8:      layout_basic, nicolae_overflow_hidden_temple, kennysheep_mini,
          fedhas_altar_2
D:9:      layout_roguey, elyvilon_altar_3, gammafunk_temple_overflow_elements,
          mainiacjoe_overflow_alcove_2, nicolae_take_the_stairs
D:10:     layout_loops_ring, mainiacjoe_overflow_big_doors, enter_trove_1,
          corexii_corridor_pit, nooodl_orcs_dogs, uniq_erica, uniq_erolcha,
          uniq_nergalle, uniq_grum
D:11:     layout_loops_ring, dpeg_lair_monsters, david_orc_2,
          maelrawn_ghost_gauntlet_escape, minmay_diamond_spiral
Temple:   compressed_dpeg_triangle_lava_temple
Lair:1:   layout_cave_pods, special_room [special_room_bee],
          portal_ice_cave_entry_pillars_1, minivault_24, minivault_19,
          dpeg_stationary_puzzle, lemuel_fruit_tree
Lair:2:   layout_loops_ring, serial_bayou_shore_a
Lair:3:   layout_chaotic_city, minmay_snake_entry_six_corridors, uniq_rupert

Skill      XL: |  1  2  3  4  5  6  7  8  9 10 11 12 13 |
---------------+----------------------------------------+-----
Fighting       | 3 4 5 6 7 |  7.2
Axes           | 3 4 5 8 9 11 14 | 14.5
Armour         | 1 2 3 5 6 7 |  7.6
Stealth        | 7 |  7.0
Invocations    | 1 3 6 9 |  9.0
Shields        | 4 |  4.0
Maces & Flails | 3 9 13 | 13.9
Throwing       | 3 |  3.7
Dodging        | |  2.1

Action                   |  1- 3 |  4- 6 |  7- 9 | 10-12 | 13-15 || total
-------------------------+-------+-------+-------+-------+-------++-------
Melee: Hand axe          |    27 |    92 |       |       |       ||   119
       War axe           |       |    11 |    56 |       |       ||    67
       Battleaxe         |       |       |   304 |       |       ||   304
       Whip              |       |       |    62 |   271 |       ||   333
       Broad axe         |       |       |       |   204 |       ||   204
       Demon whip        |       |       |       |    50 |       ||    50
       Morningstar       |       |       |       |   117 |   254 ||   371
 Fire: Hunting sling     |       |       |       |     4 |       ||     4
Throw: Javelin           |       |    17 |    18 |     7 |     1 ||    43
       Dart              |       |     3 |    30 |    14 |     1 ||    48
Invok: Lesser Servant of |       |       |       |       |     1 ||     1
 Abil: Heal Wounds       |     2 |     3 |    15 |    30 |       ||    50
Evoke: Wand              |       |       |     3 |     4 |       ||     7
  Use: Scroll            |     1 |     2 |    15 |    11 |     3 ||    32
       Potion            |       |       |     2 |     4 |     1 ||     7
Armor: Chain mail        |    11 |    49 |       |       |    32 ||    92
       Leather armour    |     2 |       |       |       |       ||     2
       Plate armour      |       |       |   320 |   238 |    68 ||   626
Dodge: Dodged            |    11 |    30 |   128 |   114 |   131 ||   414
Block: Buckler           |       |       |       |    97 |    70 ||   167
